3AAA
HIALEAH DODOS @ BALBOA BUCCANEERS
08/12/2017
 
TOP OF THE 1ST
Hialeah Dodos batting - Pitching for Balboa Buccaneers : RHP Donald Walsh
Pitching: RHP Donald Walsh
Batting: RHB Roosevelt Gibson 0-0: Called Strike
0-1: Fly out, F9 (Flyball, 89M)
Batting: RHB Owen Cunningham 0-0: Foul Ball, location: 2F
0-1: Ground out 6-3 (Groundball, 6)
Batting: RHB Joe Guy 0-0: SINGLE (Line Drive, 56D)
Batting: LHB José Alvia 0-0: Ball
1-0: Ball
2-0: Swinging Strike
2-1: Ball
3-1: Base on Balls
Joe Guy to second
Batting: RHB Mitch Jensen 0-0: Ball
1-0: Called Strike
1-1: Called Strike
1-2: SINGLE (Groundball, 56D)
Joe Guy to third
José Alvia to second
Runner from 3rd tries for Home, SAFE, no throw or cutoff
Batting: RHB Luis Trujillo 0-0: Foul Ball, location: 2F
0-1: Ball
1-1: Ball
2-1: Ball
3-1: Base on Balls
José Alvia to third
Mitch Jensen to second
Batting: RHB Ed Lee 0-0: Ball
1-0: Ball
2-0: Ball
3-0: Base on Balls
José Alvia scores
Mitch Jensen to third
Luis Trujillo to second
Batting: RHB Jorge Emiliani 0-0: Called Strike
0-1: SINGLE (Groundball, 4MD)
Mitch Jensen scores
Luis Trujillo to third
Ed Lee to second
Runner from 3rd tries for Home, SAFE, no throw or cutoff
Batting: RHB Álex Escobar 0-0: Called Strike
0-1: Ball
1-1: Called Strike
1-2: Ball
2-2: Foul Ball, location: 2F
2-2: SINGLE (Groundball, 15S) (infield hit)
Ed Lee to third
Jorge Emiliani to second
Batting: RHB Roosevelt Gibson 0-0: Fly out, F6 (Line Drive, 6)
Top of the 1st over - 4 run(s), 4 hit(s), 0 error(s), 3 left on base; Hialeah 4 - Balboa 0
BOTTOM OF THE 1ST
Balboa Buccaneers batting - Pitching for Hialeah Dodos : LHP Tom Howard
Pitching: LHP Tom Howard
Batting: RHB William Hull 0-0: Ball
1-0: Ball
2-0: Bunted foul
2-1: Called Strike
2-2: Ball
3-2: Strikes out swinging
Batting: RHB Thomas Morris 0-0: DOUBLE (Groundball, 5L)
Batting: RHB Tom Tracy 0-0: Called Strike
0-1: Ball
1-1: Foul Ball, location: 2F
1-2: Foul Ball, location: 2F
1-2: SINGLE (Line Drive, 7S)
Thomas Morris to third
Runner from 3rd tries for Home, SAFE, no throw or cutoff
Batting: RHB César Garza 0-0: 2-RUN HOME RUN (Flyball, 78XD), Distance : 433 ft
Batting: LHB Bellchyor Lebrim 0-0: Foul Ball, location: 2F
0-1: Ball
1-1: Ball
2-1: Ball
3-1: Base on Balls
Batting: RHB Louie McNeil 0-0: Foul Ball, location: 2F
0-1: Ball
1-1: Ball
2-1: Swinging Strike
2-2: Fly out, F4 (Popup, 34D)
Batting: LHB Dudley Duncan 0-0: Called Strike
0-1: Ball
1-1: Ball
2-1: Called Strike
2-2: Strikes out swinging
Bottom of the 1st over - 3 run(s), 3 hit(s), 0 error(s), 1 left on base; Hialeah 4 - Balboa 3
TOP OF THE 2ND
Hialeah Dodos batting - Pitching for Balboa Buccaneers : RHP Donald Walsh
Batting: RHB Owen Cunningham 0-0: Ball
1-0: Ball
2-0: Called Strike
2-1: Ground out 1-3 (Groundball, 13S)
Batting: RHB Joe Guy 0-0: Ball
1-0: Foul Ball, location: 2F
1-1: Swinging Strike
1-2: Ball
2-2: Ball
3-2: Foul Ball, location: 2F
3-2: Foul Ball, location: 2F
3-2: Ground out U3 (Groundball, 3)
Batting: LHB José Alvia 0-0: Called Strike
0-1: Ground out 4-3 (Groundball, 4)
Top of the 2nd over - 0 run(s), 0 hit(s), 0 error(s), 0 left on base; Hialeah 4 - Balboa 3
BOTTOM OF THE 2ND
Balboa Buccaneers batting - Pitching for Hialeah Dodos : LHP Tom Howard
Batting: RHB Aaron Holder 0-0: Ball
1-0: Ball
2-0: Foul Ball, location: 2F
2-1: Ball
3-1: Fly out, F8 (Flyball, 78M)
Batting: RHB Matt Nelson 0-0: Ball
1-0: Called Strike
1-1: Called Strike
1-2: Ground out 5-3 (Groundball, 56)
Batting: RHB William Hull 0-0: Called Strike
0-1: Foul Ball, location: 2F
0-2: Strikes out looking
Bottom of the 2nd over - 0 run(s), 0 hit(s), 0 error(s), 0 left on base; Hialeah 4 - Balboa 3
TOP OF THE 3RD
Hialeah Dodos batting - Pitching for Balboa Buccaneers : RHP Donald Walsh
Batting: RHB Mitch Jensen 0-0: Swinging Strike
0-1: Called Strike
0-2: Reached on error, E5 (Groundball, 56S)
Batting: RHB Luis Trujillo 0-0: Ground out 5-3 (Groundball, 56S)
Mitch Jensen to second
Batting: RHB Ed Lee 0-0: Ball
Wild Pitch!
Mitch Jensen to third
1-0: Called Strike
1-1: Ball
2-1: Ground out 5-3 (Groundball, 5)
Batting: RHB Jorge Emiliani 0-0: SINGLE (Groundball, 6)
Mitch Jensen scores
Batting: RHB Álex Escobar 0-0: Ground out 5-3 (Groundball, 5L)
Top of the 3rd over - 1 run(s), 1 hit(s), 1 error(s), 1 left on base; Hialeah 5 - Balboa 3
BOTTOM OF THE 3RD
Balboa Buccaneers batting - Pitching for Hialeah Dodos : LHP Tom Howard
Batting: RHB Thomas Morris 0-0: Bunt missed!
0-1: Ball
1-1: Foul Ball, location: 2F
1-2: Ball
2-2: Ball
3-2: Fly out, F7 (Line Drive, 7S)
Batting: RHB Tom Tracy 0-0: Called Strike
0-1: Called Strike
0-2: Ball
1-2: Ball
2-2: Ball
3-2: Strikes out swinging
Batting: RHB César Garza 0-0: Fly out, F7 (Line Drive, 7M)
Bottom of the 3rd over - 0 run(s), 0 hit(s), 0 error(s), 0 left on base; Hialeah 5 - Balboa 3
TOP OF THE 4TH
Hialeah Dodos batting - Pitching for Balboa Buccaneers : RHP Donald Walsh
Batting: RHB Roosevelt Gibson 0-0: Ball
1-0: Ball
2-0: TRIPLE (Flyball, 8RM)
Batting: RHB Owen Cunningham 0-0: Fly out, F8 (Flyball, 89D)
Runner from 3rd tags up, SCORES, no throw
Pitching: RHP Dan Pope
Batting: RHB Joe Guy 0-0: Foul Ball, location: 2F
0-1: Called Strike
0-2: Fly out, F8 (Flyball, 8RXD)
Batting: LHB José Alvia 0-0: Ground out U3 (Groundball, 3L)
Top of the 4th over - 1 run(s), 1 hit(s), 0 error(s), 0 left on base; Hialeah 6 - Balboa 3
BOTTOM OF THE 4TH
Balboa Buccaneers batting - Pitching for Hialeah Dodos : LHP Tom Howard
Batting: LHB Bellchyor Lebrim 0-0: Ball
1-0: Ball
2-0: Called Strike
2-1: Ground out U3 (Groundball, 3L)
Batting: RHB Louie McNeil 0-0: Ball
1-0: Swinging Strike
1-1: Ball
2-1: Called Strike
2-2: Fly out, F5 (Popup, 25F)
Batting: LHB Dudley Duncan 0-0: Called Strike
0-1: Ball
1-1: Called Strike
1-2: Foul Ball, location: 2F
1-2: Foul Ball, location: 2F
1-2: Strikes out swinging
Bottom of the 4th over - 0 run(s), 0 hit(s), 0 error(s), 0 left on base; Hialeah 6 - Balboa 3
TOP OF THE 5TH
Hialeah Dodos batting - Pitching for Balboa Buccaneers : RHP Dan Pope
Batting: RHB Mitch Jensen 0-0: Called Strike
0-1: Foul Ball, location: 2F
0-2: Foul Ball, location: 2F
0-2: Strikes out swinging
Batting: RHB Luis Trujillo 0-0: Ball
1-0: DOUBLE (Line Drive, 7LM)
Batting: RHB Ed Lee 0-0: Foul Ball, location: 2F
0-1: Called Strike
0-2: DOUBLE (Flyball, 8LM)
Luis Trujillo scores
Batting: RHB Jorge Emiliani 0-0: Ball
1-0: Ball
2-0: Called Strike
2-1: Fly out, F4 (Popup, 4)
Batting: RHB Álex Escobar 0-0: Ball
1-0: Called Strike
1-1: Ball
2-1: Ball
3-1: Called Strike
3-2: Base on Balls
Batting: RHB Roosevelt Gibson 0-0: Ball
1-0: Fly out, F3 (Popup, 3)
Top of the 5th over - 1 run(s), 2 hit(s), 0 error(s), 2 left on base; Hialeah 7 - Balboa 3
BOTTOM OF THE 5TH
Balboa Buccaneers batting - Pitching for Hialeah Dodos : LHP Tom Howard
Batting: RHB Aaron Holder 0-0: Foul Ball, location: 2F
0-1: Ball
1-1: SINGLE (Flyball, 6MD)
Batting: RHB Matt Nelson 0-0: Swinging Strike
0-1: Ball
1-1: Ball
Aaron Holder is caught stealing 2nd base
2-1: Ground out 5-3 (Groundball, 56)
Batting: RHB William Hull 0-0: Ball
1-0: Ground out 4-3 (Groundball, 4)
Bottom of the 5th over - 0 run(s), 1 hit(s), 0 error(s), 0 left on base; Hialeah 7 - Balboa 3
TOP OF THE 6TH
Hialeah Dodos batting - Pitching for Balboa Buccaneers : RHP Dan Pope
Batting: RHB Owen Cunningham 0-0: Ball
1-0: Called Strike
1-1: Swinging Strike
1-2: Ball
2-2: DOUBLE (Groundball, 5L)
Batting: RHB Joe Guy 0-0: Fly out, F6 (Popup, 6MS)
Batting: LHB José Alvia 0-0: Ball
1-0: SINGLE (Line Drive, 8LS)
Owen Cunningham to third
Batting: RHB Mitch Jensen 0-0: Ball
1-0: Called Strike
1-1: Foul Ball, location: 2F
1-2: Strikes out looking
Batting: RHB Luis Trujillo 0-0: Ball
1-0: Ball
2-0: Ball
3-0: Base on Balls
José Alvia to second
Pitching: RHP Christian Catron
Batting: RHB Ed Lee 0-0: Ball
1-0: Ground out 2-3 (Groundball, 2R)
Top of the 6th over - 0 run(s), 2 hit(s), 0 error(s), 3 left on base; Hialeah 7 - Balboa 3
BOTTOM OF THE 6TH
Balboa Buccaneers batting - Pitching for Hialeah Dodos : LHP Tom Howard
Batting: RHB Thomas Morris 0-0: Ball
1-0: Foul Ball, location: 2F
1-1: Ball
2-1: Ball
3-1: Base on Balls
Batting: RHB Tom Tracy 0-0: Called Strike
0-1: Called Strike
0-2: Strikes out looking
Batting: RHB César Garza 0-0: Grounds into double play, 1-6-3 (Groundball, 13S)
Bottom of the 6th over - 0 run(s), 0 hit(s), 0 error(s), 0 left on base; Hialeah 7 - Balboa 3
TOP OF THE 7TH
Hialeah Dodos batting - Pitching for Balboa Buccaneers : RHP Christian Catron
Batting: RHB Jorge Emiliani 0-0: Ground out 6-3 (Groundball, 6M)
Batting: RHB Álex Escobar 0-0: Ball
1-0: Foul Ball, location: 2F
1-1: Ball
2-1: Ground out 5-3 (Groundball, 5)
Batting: RHB Roosevelt Gibson 0-0: Called Strike
0-1: Called Strike
0-2: Ball
1-2: Ball
2-2: Fly out, F9 (Flyball, 9M)
Top of the 7th over - 0 run(s), 0 hit(s), 0 error(s), 0 left on base; Hialeah 7 - Balboa 3
BOTTOM OF THE 7TH
Balboa Buccaneers batting - Pitching for Hialeah Dodos : LHP Tom Howard
Batting: LHB Bellchyor Lebrim 0-0: Ball
1-0: Foul Ball, location: 2F
1-1: Ball
2-1: Ball
3-1: Swinging Strike
3-2: Strikes out swinging
Batting: RHB Louie McNeil 0-0: Called Strike
0-1: DOUBLE (Flyball, 8RXD) - OUT at third base trying to stretch hit.
Batting: LHB Dudley Duncan 0-0: Called Strike
0-1: Called Strike
0-2: Fly out, F6 (Popup, 56D)
Bottom of the 7th over - 0 run(s), 1 hit(s), 0 error(s), 0 left on base; Hialeah 7 - Balboa 3
TOP OF THE 8TH
Hialeah Dodos batting - Pitching for Balboa Buccaneers : RHP Christian Catron
Batting: RHB Owen Cunningham 0-0: Ground out 5-3 (Groundball, 5L)
Batting: RHB Joe Guy 0-0: SINGLE (Groundball, 56D)
Batting: LHB José Alvia 0-0: Ball
Joe Guy steals 2nd base
1-0: Ball
2-0: Foul Ball, location: 2F
2-1: Ball
3-1: Foul Ball, location: 2F
3-2: Base on Balls
Batting: RHB Mitch Jensen 0-0: SINGLE (Line Drive, 56)
Joe Guy to third
José Alvia to second
Runner from 3rd tries for Home, SAFE, no throw or cutoff
Batting: RHB Luis Trujillo 0-0: Ball
1-0: Called Strike
1-1: Foul Ball, location: 2F
1-2: Foul Ball, location: 2F
1-2: Ball
2-2: Reached on error, E5 (Groundball, 5)
José Alvia to third
Mitch Jensen to second
Batting: RHB Ed Lee 0-0: Foul Ball, location: 2F
0-1: Fly out, F8 (Flyball, 8LM)
Runner from 3rd tags up, SCORES, throw made
Batting: RHB Jorge Emiliani 0-0: Ball
1-0: Ball
2-0: Called Strike
2-1: Fielders Choice at 2nd, U6 (Groundball, 6M)
Top of the 8th over - 2 run(s), 2 hit(s), 1 error(s), 2 left on base; Hialeah 9 - Balboa 3
BOTTOM OF THE 8TH
Balboa Buccaneers batting - Pitching for Hialeah Dodos : LHP Tom Howard
Batting: RHB Aaron Holder 0-0: Called Strike
0-1: Called Strike
0-2: Ball
1-2: Foul Ball, location: 2F
1-2: Foul Ball, location: 2F
1-2: Foul Ball, location: 2F
1-2: Ball
2-2: Foul Ball, location: 2F
2-2: Fly out, F9 (Flyball, 89M)
Batting: RHB Matt Nelson 0-0: Ball
1-0: Ball
2-0: Ground out 6-3 (Groundball, 6)
Batting: RHB William Hull 0-0: Ball
1-0: Called Strike
1-1: Foul Ball, location: 2F
1-2: Ball
2-2: Ball
3-2: Base on Balls
Pitching: RHP Kevin Fields
Batting: RHB Thomas Morris 0-0: Called Strike
0-1: Ball
1-1: Called Strike
1-2: SINGLE (Line Drive, 34D)
William Hull to second
Runner from 2nd tries for 3rd, SAFE, throw made to third
Thomas Morris to second
Batting: RHB Tom Tracy 0-0: Called Strike
0-1: Called Strike
0-2: Ball
1-2: SINGLE (Groundball, 56D)
William Hull scores
Thomas Morris to third
Runner from 3rd tries for Home, SAFE, no throw or cutoff
Batting: RHB César Garza 0-0: Called Strike
0-1: Fielders Choice at 2nd, U6 (Groundball, 6M)
Bottom of the 8th over - 2 run(s), 2 hit(s), 0 error(s), 1 left on base; Hialeah 9 - Balboa 5
TOP OF THE 9TH
Hialeah Dodos batting - Pitching for Balboa Buccaneers : RHP Christian Catron
Batting: RHB Álex Escobar 0-0: SINGLE (Line Drive, 56D)
Batting: RHB Roosevelt Gibson 0-0: Ball
1-0: Ball
2-0: Fly out, F7 (Flyball, 7M)
Batting: RHB Owen Cunningham 0-0: Called Strike
0-1: Foul Ball, location: 2F
0-2: SINGLE (Groundball, 6MD)
Álex Escobar to second
Batting: RHB Joe Guy 0-0: Ball
1-0: Called Strike
1-1: Ball
2-1: SINGLE (Line Drive, 56D)
Álex Escobar to third
Owen Cunningham to second
Batting: LHB José Alvia 0-0: Ball
1-0: Grounds into double play, 4-6-3 (Groundball, 34)
Top of the 9th over - 0 run(s), 3 hit(s), 0 error(s), 2 left on base; Hialeah 9 - Balboa 5
BOTTOM OF THE 9TH
Balboa Buccaneers batting - Pitching for Hialeah Dodos : RHP Kevin Fields
Batting: LHB Bellchyor Lebrim 0-0: Ground out 6-3 (Groundball, 56)
Batting: RHB Louie McNeil 0-0: Ball
1-0: Ball
2-0: Ground out 6-3 (Groundball, 6)
Batting: LHB Dudley Duncan 0-0: Ball
1-0: Foul Ball, location: 2F
1-1: Swinging Strike
1-2: Foul Ball, location: 2F
1-2: Ball
2-2: Ball
3-2: Foul Ball, location: 2F
3-2: Foul Ball, location: 2F
3-2: DOUBLE (Groundball, 5L)
Batting: RHB Aaron Holder 0-0: Foul Ball, location: 2F
0-1: Swinging Strike
0-2: Ball
1-2: Hit by Pitch
Pitching: RHP Florim Zhulati
Batting: RHB Matt Nelson 0-0: Foul Ball, location: 2F
0-1: Foul Ball, location: 2F
0-2: Ball
1-2: Ball
2-2: Foul Ball, location: 2F
2-2: Foul Ball, location: 2F
2-2: Fly out, F7 (Flyball, 7M)
Bottom of the 9th over - 0 run(s), 1 hit(s), 0 error(s), 2 left on base; Hialeah 9 - Balboa 5
This league is powered by Out of the Park Baseball, the baseball management simulation game for PC, Mac and Linux
Saturday, February 27th, 2021 - OOTP Baseball 15.6 Build 34